TOP OF THE 1ST |
University of Nebraska Cornhuskers batting - Pitching for Arizona State University Sun Devils : RHP Bill Dominguez
|
Pitching: RHP Bill Dominguez
|
|
Batting: RHB Chris Anthony
|
0-0: Ball 1-0: Ball 2-0: Ball 3-0: Called Strike 3-1: Foul Ball, location: 2F 3-2: Ground out 4-3 (Groundball, 4, EV 83.1 MPH)
|
Batting: RHB Quentin Howland
|
0-0: Ball 1-0: Ground out 6-3 (Groundball, 6, EV 78.1 MPH)
|
Batting: LHB Jose Gonzalez
|
0-0: Ball 1-0: Called Strike 1-1: Ground out 1-3 (Groundball, 15S, EV 70.0 MPH)
|
Top of the 1st over - 0 runs, 0 hits, 0 errors, 0 left on base; University of Nebraska 0 - Arizona State University 0 |
BOTTOM OF THE 1ST |
Arizona State University Sun Devils batting - Pitching for University of Nebraska Cornhuskers : RHP Santos Arevalo
|
Pitching: RHP Santos Arevalo
|
|
Batting: LHB Timon Giorgiou
|
0-0: Ball 1-0: Foul Ball, location: 2F 1-1: Fly out, F7 (Flyball, 7, EV 93.8 MPH)
|
Batting: RHB Alonzo Cardona
|
0-0: Called Strike 0-1: Ground out 4-3 (Groundball, 4D, EV 100.0 MPH)
|
Batting: LHB David Goad
|
0-0: Ball 1-0: Called Strike 1-1: Ball 2-1: Swinging Strike 2-2: Ground out U3 (Groundball, 34, EV 98.8 MPH)
|
Bottom of the 1st over - 0 runs, 0 hits, 0 errors, 0 left on base; University of Nebraska 0 - Arizona State University 0 |
TOP OF THE 2ND |
University of Nebraska Cornhuskers batting - Pitching for Arizona State University Sun Devils : RHP Bill Dominguez
|
Batting: RHB Zion Jones
|
0-0: Called Strike 0-1: Foul Ball, location: 2F 0-2: Strikes out swinging
|
Batting: RHB Aidan Collet
|
0-0: Ball 1-0: Ball 2-0: Foul Ball, location: 2F 2-1: Ball 3-1: Foul Ball, location: 2F 3-2: Foul Ball, location: 2F 3-2: Strikes out swinging
|
Batting: RHB Rob Bryan
|
0-0: Foul Ball, location: 2F 0-1: Ball 1-1: Called Strike 1-2: Strikes out looking
|
Top of the 2nd over - 0 runs, 0 hits, 0 errors, 0 left on base; University of Nebraska 0 - Arizona State University 0 |
BOTTOM OF THE 2ND |
Arizona State University Sun Devils batting - Pitching for University of Nebraska Cornhuskers : RHP Santos Arevalo
|
Batting: LHB Randy Marquez
|
0-0: Foul Ball, location: 2F 0-1: Called Strike 0-2: Strikes out looking
|
Batting: RHB Chris DeLuise
|
0-0: Called Strike 0-1: Foul Ball, location: 2F 0-2: Ball 1-2: Foul Ball, location: 2F 1-2: Ball 2-2: Ball 3-2: Foul Ball, location: 2F 3-2: Ground out 3-1 (Groundball, 34S, EV 83.8 MPH)
|
Batting: RHB Carl Evans
|
0-0: Ground out 6-3 (Groundball, 6, EV 88.1 MPH)
|
Bottom of the 2nd over - 0 runs, 0 hits, 0 errors, 0 left on base; University of Nebraska 0 - Arizona State University 0 |
TOP OF THE 3RD |
University of Nebraska Cornhuskers batting - Pitching for Arizona State University Sun Devils : RHP Bill Dominguez
|
Batting: SHB Phil Roper
|
0-0: Called Strike 0-1: Ball 1-1: Foul Ball, location: 2F 1-2: Strikes out swinging
|
Batting: RHB Danny Forbes
|
0-0: Ball 1-0: Called Strike 1-1: Swinging Strike 1-2: Ball 2-2: Strikes out swinging
|
Batting: LHB Kevin Brannon
|
0-0: Ball 1-0: Called Strike 1-1: Called Strike 1-2: Strikes out swinging
|
Top of the 3rd over - 0 runs, 0 hits, 0 errors, 0 left on base; University of Nebraska 0 - Arizona State University 0 |
BOTTOM OF THE 3RD |
Arizona State University Sun Devils batting - Pitching for University of Nebraska Cornhuskers : RHP Santos Arevalo
|
Batting: RHB Bobby Johannsen
|
0-0: Called Strike 0-1: Foul Ball, location: 2F 0-2: Ball 1-2: Strikes out swinging
|
Batting: RHB John Burgis
|
0-0: Called Strike 0-1: Ground out 6-3 (Groundball, 6S, EV 85.6 MPH)
|
Batting: RHB Martin Boyle
|
0-0: Ball 1-0: Foul Ball, location: 2F 1-1: SINGLE (Groundball, 6D, EV 101.9 MPH)
|
Batting: LHB Timon Giorgiou
|
0-0: Foul Ball, location: 2F 0-1: Ball 1-1: Called Strike 1-2: Ball 2-2: Ball 3-2: Fly out, F5 (Line Drive, 5, EV 69.4 MPH)
|
Bottom of the 3rd over - 0 runs, 1 hit, 0 errors, 1 left on base; University of Nebraska 0 - Arizona State University 0 |
TOP OF THE 4TH |
University of Nebraska Cornhuskers batting - Pitching for Arizona State University Sun Devils : RHP Bill Dominguez
|
Batting: RHB Chris Anthony
|
0-0: Called Strike 0-1: SINGLE (Line Drive, 6D, EV 94.4 MPH)
|
Batting: RHB Quentin Howland
|
0-0: Ball 1-0: Ball 2-0: Called Strike 2-1: Swinging Strike 2-2: Strikes out swinging
|
Batting: LHB Jose Gonzalez
|
0-0: Ball Chris Anthony is caught stealing 2nd base 2-6 1-0: Fly out, F9 (Flyball, 9LS, EV 75.0 MPH)
|
Top of the 4th over - 0 runs, 1 hit, 0 errors, 0 left on base; University of Nebraska 0 - Arizona State University 0 |
BOTTOM OF THE 4TH |
Arizona State University Sun Devils batting - Pitching for University of Nebraska Cornhuskers : RHP Santos Arevalo
|
Batting: RHB Alonzo Cardona
|
0-0: Ball 1-0: Ball 2-0: Ball 3-0: Base on Balls
|
Batting: LHB David Goad
|
0-0: Called Strike 0-1: Ball 1-1: Swinging Strike 1-2: Ball 2-2: Fielders Choice at 2nd, 6-4 (Groundball, 56, EV 98.8 MPH)
|
Batting: LHB Randy Marquez
|
0-0: Called Strike 0-1: Foul Ball, location: 2F 0-2: Foul Ball, location: 2F 0-2: Ball 1-2: Ball 2-2: Fly out, F5 (Popup, 56S, EV 65.0 MPH)
|
Batting: RHB Chris DeLuise
|
0-0: Called Strike 0-1: Called Strike 0-2: Strikes out looking
|
Bottom of the 4th over - 0 runs, 0 hits, 0 errors, 1 left on base; University of Nebraska 0 - Arizona State University 0 |
TOP OF THE 5TH |
University of Nebraska Cornhuskers batting - Pitching for Arizona State University Sun Devils : RHP Bill Dominguez
|
Now at 2B: Kawenaula Kapali
|
|
Batting: RHB Zion Jones
|
0-0: Ball 1-0: Called Strike 1-1: Ball 2-1: Ball 3-1: Called Strike 3-2: Ground out 3-1 (Groundball, 34, EV 109.4 MPH)
|
Batting: RHB Aidan Collet
|
0-0: Foul Ball, location: 2F 0-1: Ball 1-1: Called Strike 1-2: Ground out 4-3 (Groundball, 4, EV 81.9 MPH)
|
Batting: RHB Rob Bryan
|
0-0: Foul Ball, location: 2F 0-1: Ball 1-1: Called Strike 1-2: Foul Ball, location: 2F 1-2: Ball 2-2: Strikes out swinging
|
Top of the 5th over - 0 runs, 0 hits, 0 errors, 0 left on base; University of Nebraska 0 - Arizona State University 0 |
BOTTOM OF THE 5TH |
Arizona State University Sun Devils batting - Pitching for University of Nebraska Cornhuskers : RHP Santos Arevalo
|
Now at 1B: Jason Blakeley
|
|
Now at 2B: Andy Henn
|
|
Now in LF: Mike Rawson
|
|
Now in RF: Kevin Brannon
|
|
Batting: RHB Carl Evans
|
0-0: Called Strike 0-1: Foul Ball, location: 2F 0-2: Ball 1-2: Strikes out looking
|
Batting: RHB Bobby Johannsen
|
0-0: Ball 1-0: Reached via error on a dropped throw from 2B, E3 (Groundball, 4S, EV 81.2 MPH)
|
Batting: RHB John Burgis
|
0-0: Ball 1-0: Fielders Choice at 2nd, 1-6 (Groundball, 34S, EV 74.4 MPH)
|
Batting: RHB Martin Boyle
|
0-0: Ball 1-0: Called Strike 1-1: Ball 2-1: Foul Ball, location: 2F 2-2: Foul Ball, location: 2F 2-2: Foul Ball, location: 2F 2-2: Ball 3-2: Strikes out swinging
|
Bottom of the 5th over - 0 runs, 0 hits, 1 error, 1 left on base; University of Nebraska 0 - Arizona State University 0 |
TOP OF THE 6TH |
University of Nebraska Cornhuskers batting - Pitching for Arizona State University Sun Devils : RHP Bill Dominguez
|
Pitching: RHP Raul Vargas
|
|
Now in LF: Dustin Gill
|
|
Now in CF: Burraga Iukini
|
|
Now in RF: Bill Callbeck
|
|
Batting: SHB Phil Roper
|
0-0: Called Strike 0-1: Fly out, F4 (Popup, 4D, EV 57.5 MPH)
|
Pinch Hitting: LHB Avicenna Abdul-Muta'al
|
0-0: Ground out U3 (Groundball, 3, EV 87.5 MPH)
|
Batting: LHB Kevin Brannon
|
0-0: Swinging Strike 0-1: Foul Ball, location: 2F 0-2: Ball 1-2: Strikes out looking
|
Top of the 6th over - 0 runs, 0 hits, 0 errors, 0 left on base; University of Nebraska 0 - Arizona State University 0 |
BOTTOM OF THE 6TH |
Arizona State University Sun Devils batting - Pitching for University of Nebraska Cornhuskers : RHP Santos Arevalo
|
Pitching: RHP Antonino Charno
|
|
Now at C: Will England
|
|
Now at 3B: Tim Bond
|
|
Batting: LHB Dustin Gill
|
0-0: Called Strike 0-1: Swinging Strike 0-2: Ball 1-2: Ball 2-2: Foul Ball, location: 2F 2-2: Foul Ball, location: 2F 2-2: Foul Ball, location: 2F 2-2: Strikes out swinging
|
Batting: RHB Kawenaula Kapali
|
0-0: Ball 1-0: Ball 2-0: Ball 3-0: Called Strike 3-1: Ground out 6-3 (Groundball, 56, EV 88.8 MPH)
|
Batting: LHB Burraga Iukini
|
0-0: Foul Ball, location: 2F 0-1: Ball 1-1: Foul Ball, location: 2F 1-2: Foul Ball, location: 2F 1-2: Ground out 5-3 (Groundball, 56, EV 84.4 MPH)
|
Bottom of the 6th over - 0 runs, 0 hits, 0 errors, 0 left on base; University of Nebraska 0 - Arizona State University 0 |
TOP OF THE 7TH |
University of Nebraska Cornhuskers batting - Pitching for Arizona State University Sun Devils : RHP Raul Vargas
|
Now at 1B: Ben Lewis
|
|
Pinch Hitting: RHB Jeremy Weaver
|
0-0: Ball 1-0: Ball 2-0: SINGLE (Groundball, 5S, EV 70.6 MPH) (infield hit)
|
Pinch Hitting: SHB Gary Luckwell
|
0-0: Swinging Strike 0-1: Ball Jeremy Weaver steals 2nd base 1-1: Ball 2-1: Foul Ball, location: 2F 2-2: Ball 3-2: Ground out U3 (Groundball, 3S, EV 87.5 MPH) Jeremy Weaver to third
|
Pitching: LHP Nick Segar
|
|
Batting: RHB Salvador Guillen
|
0-0: Ball 1-0: Fly out, F5 (Line Drive, 5L, EV 69.4 MPH)
|
Pinch Hitting: RHB David Arevalo
|
0-0: Called Strike 0-1: Ball 1-1: Ball 2-1: Foul Ball, location: 2F 2-2: Ground out 6-3 (Groundball, 6, EV 86.2 MPH)
|
Top of the 7th over - 0 runs, 1 hit, 0 errors, 1 left on base; University of Nebraska 0 - Arizona State University 0 |
BOTTOM OF THE 7TH |
Arizona State University Sun Devils batting - Pitching for University of Nebraska Cornhuskers : RHP Antonino Charno
|
Pitching: LHP Sergio Laureano
|
|
Now at 1B: David Arevalo
|
|
Now at 2B: Gary Luckwell
|
|
Now in CF: Jeremy Weaver
|
|
Pinch Hitting: RHB Rusty Gee
|
0-0: Called Strike 0-1: Foul Ball, location: 2F 0-2: Ball 1-2: Foul Ball, location: 2F 1-2: Ball 2-2: Ground out 6-3 (Groundball, 6, EV 89.4 MPH)
|
Pinch Hitting: LHB Ricky Hernandez
|
0-0: Ball 1-0: Ball 2-0: Ball 3-0: Called Strike 3-1: Base on Balls
|
Batting: RHB Carl Evans
|
0-0: Foul Ball, location: 2F 0-1: Ball 1-1: Ball 2-1: Swinging Strike 2-2: Foul Ball, location: 2F 2-2: Strikes out swinging
|
Batting: RHB Jun-hyuk Leem
|
0-0: Ball 1-0: Called Strike 1-1: Fly out, F8 (Line Drive, 89M, EV 89.4 MPH)
|
Bottom of the 7th over - 0 runs, 0 hits, 0 errors, 1 left on base; University of Nebraska 0 - Arizona State University 0 |
TOP OF THE 8TH |
University of Nebraska Cornhuskers batting - Pitching for Arizona State University Sun Devils : LHP Nick Segar
|
Pitching: RHP Joe Ledrew
|
|
Now at 3B: David Krebs
|
|
Now in RF: Ricky Hernandez
|
|
Pinch Hitting: RHB Jose Caballero
|
0-0: Called Strike 0-1: Ball 1-1: Called Strike 1-2: Foul Ball, location: 2F 1-2: Ground out 5-3 (Groundball, 5L, EV 102.5 MPH)
|
Pinch Hitting: RHB Tariq Garane
|
0-0: Ball 1-0: Ball 2-0: Ball 3-0: Called Strike 3-1: Base on Balls
|
Batting: RHB Will England
|
0-0: Called Strike 0-1: Called Strike 0-2: Ball 1-2: Foul Ball, location: 2F 1-2: Strikes out looking
|
Pinch Hitting: RHB Ruben Savino
|
0-0: Ball 1-0: Ball 2-0: Ball 3-0: Called Strike 3-1: Foul Ball, location: 2F 3-2: Strikes out looking
|
Top of the 8th over - 0 runs, 0 hits, 0 errors, 1 left on base; University of Nebraska 0 - Arizona State University 0 |
BOTTOM OF THE 8TH |
Arizona State University Sun Devils batting - Pitching for University of Nebraska Cornhuskers : LHP Sergio Laureano
|
Pitching: RHP Dana Buker
|
|
Now at 3B: Ruben Savino
|
|
Now at SS: Tariq Garane
|
|
Now in LF: Bob Appleby
|
|
Pinch Hitting: RHB Israel Tobias
|
0-0: Ball 1-0: Ball 2-0: Ball 3-0: Called Strike 3-1: Called Strike 3-2: Base on Balls
|
Batting: RHB Ben Lewis
|
0-0: Bunt missed! 0-1: Sac Bunt to 25 - play at first, batter OUT! 5-4 Israel Tobias to second
|
Batting: LHB Dustin Gill
|
0-0: Foul Ball, location: 2F 0-1: Foul Ball, location: 2F 0-2: Foul Ball, location: 2F 0-2: Foul Ball, location: 2F 0-2: Foul Ball, location: 2F 0-2: Foul Ball, location: 2F 0-2: Ball 1-2: Ground out 6-3 (Groundball, P, EV 85.6 MPH) Israel Tobias to third
|
Batting: RHB Kawenaula Kapali
|
0-0: Ball 1-0: Ball 2-0: Called Strike 2-1: SINGLE (Groundball, 6D, EV 104.4 MPH) Israel Tobias scores
|
Batting: LHB Burraga Iukini
|
0-0: Foul Ball, location: 2F 0-1: Ball 1-1: Ball Kawenaula Kapali steals 2nd, throwing error, E2 Kawenaula Kapali to third 2-1: Foul Ball, location: 2F 2-2: Foul Ball, location: 2F 2-2: Ball 3-2: Ground out 4-3 (Groundball, 4M, EV 76.9 MPH)
|
Bottom of the 8th over - 1 run, 1 hit, 1 error, 1 left on base; University of Nebraska 0 - Arizona State University 1 |
TOP OF THE 9TH |
University of Nebraska Cornhuskers batting - Pitching for Arizona State University Sun Devils : RHP Joe Ledrew
|
Pitching: LHP Joe Morgan
|
|
Now at C: J.J. Meach
|
|
Pinch Hitting: LHB Alfonso Escalante
|
0-0: Ground out 4-3 (Groundball, 4, EV 90.0 MPH)
|
Batting: RHB Jeremy Weaver
|
0-0: Foul Ball, location: 2F 0-1: Called Strike 0-2: Strikes out swinging
|
Batting: SHB Gary Luckwell
|
0-0: Called Strike 0-1: Ground out 6-3 (Groundball, 6, EV 83.8 MPH)
|
Top of the 9th over - 0 runs, 0 hits, 0 errors, 0 left on base; University of Nebraska 0 - Arizona State University 1 |
|